 Dungeon Crawl Stone Soup version 0.32-a0-607-g64ea0e4219 (webtiles) character file.

Game seed: 10339590074365559402

410 Revguard the Chopper (level 6, 0/72 HPs)
             Began as a Coglin Berserker on Mar 4, 2024.
             Was a Priest of Trog.
             Succumbed to a gnoll's poison
             ... on level 4 of the Dungeon.
             The game lasted 00:08:19 (2992 turns).

Revguard the Chopper (Coglin Berserker)             Turns: 2992, Time: 00:08:20

Health: 0/72       AC: 13    Str: 20    XL:     6   Next: 89%
Magic:  6/6        EV:  7    Int:  6    God:    Trog [***...]
Gold:   340        SH:  0    Dex: 13    Spells: 5/5 levels left

rFire   . . .        a - +0 hand axe {Soledad}
rCold   . . .        p - +0 hand axe {Gustavo}
rNeg    . . .        n - +0 plate armour
rPois   .            (no helmet)
rElec   .            s - +0 cloak
rCorr   .            (no gloves)
SInv    .            t - +0 pair of boots
Will    ++...        (amulet unavailable) Stlth
                     (ring unavailable)
HPRegen 1.32/turn    (ring unavailable)
MPRegen 0.10/turn    (no gizmo)

%: no passive effects
@: berserking (expiring), lethally poisoned (0 -> -6), strong-willed,
regenerating, revved, very quick
A: off-hand wielding, slow wielding, warmup strikes, no jewellery
a: Invent Gizmo, Renounce Religion, Berserk, Trog's Hand


You were on level 4 of the Dungeon.
You worshipped Trog.
Trog was most pleased with you.
You visited 1 branch of the dungeon, and saw 4 of its levels.

You collected 340 gold pieces.

Inventory:

Hand Weapons
 a - a +0 hand axe (weapon) {Soledad}
 c - a +0 dagger {Jin}
 e - a +2 dagger of protection {Teghnoor}
 p - a +0 hand axe (offhand) {Gustavo}
Armour
 b - a +0 animal skin
 k - a +0 ring mail
 n - a +0 plate armour (worn)
 s - a +0 cloak (worn)
 t - a +0 pair of boots (worn)
Scrolls
 d - 2 scrolls of fog
 f - a scroll of amnesia {unknown}
 g - a scroll of teleportation
 l - a scroll of noise {unknown}
 m - a scroll of identify {unknown}
 o - a scroll of vulnerability {unknown}
 q - 2 scrolls of poison
 u - a scroll of immolation {unknown}
Potions
 h - 3 potions of lignification {unknown}
 i - a potion of curing {unknown}
 j - 2 potions of heal wounds {unknown}
 r - a potion of resistance {unknown}


   Skills:
 + Level 4.2 Fighting
 + Level 4.2 Axes
 + Level 3.2 Armour
 + Level 3.2 Dodging
 + Level 3.8 Evocations


You had 5 spell levels left.
You didn't know any spells.
Your spell library was empty.

Dungeon Overview and Level Annotations

Branches:
Dungeon (4/15)
 Temple: D:4-7

Altars:
Fedhas
Kikubaaqudgha
Qazlal
Uskayaw


Innate Abilities, Weirdness & Mutations

You can wield a second weapon in your off-hand.
It takes a long time for you to wield or remove held weapons.
Your first few attacks do less damage.
You cannot equip rings or amulets.


Message History

You barely miss the gnoll with your +0 hand axe.
The gnoll is severely wounded.
You hit the gnoll with your +0 hand axe.
You barely miss the gnoll with your +0 hand axe.
You closely miss the gnoll with your +0 hand axe.
You feel very sick. The gnoll hits you but does no damage.
The gnoll hits you with a +2 whip of venom.
Your skin crawls.
You feel strong-willed.
You feel very sick. The gnoll hits you but does no damage.
The gnoll hits you with a +2 whip of venom.
* * * LOW HITPOINT WARNING * * *
You are more poisoned.
A red film seems to cover your vision as you go berserk!
You feel yourself moving faster!
You feel mighty!
You feel very sick. The gnoll hits you with a +0 whip.
* * * LOW HITPOINT WARNING * * *
The gnoll hits you but does no damage.
You are lethally poisoned!
You slash the gnoll with your +0 hand axe!
You kill the gnoll!
Trog accepts your kill.
You slash the gnoll with your +0 hand axe!
You kill the gnoll!
Trog accepts your kill.
* * * LOW HITPOINT WARNING * * *
You feel very sick.
You are too berserk!
* * * LOW HITPOINT WARNING * * *
You feel very sick.
Things that are here:
6 gold pieces; a +0 whip
Okay, then.
You feel a strong urge to attack something.
* * * LOW HITPOINT WARNING * * *
You feel very sick.
You die...

#.....# ##....#
#.....# ##....# ..
####.....# ....
..........### ....
#.#####...).#######..#
#...$)).......#
#.....@.......#
#.........?...#
#...##........#
#...###....#..# #..##
#.......# # #...
##......# ..# #...
#......####.... ...
#..........(...
#...........##


There were no monsters in sight!

Vanquished Creatures
  2 scorpions (D:4)
  A vampire bat (D:3)
  A howler monkey (D:4)
  A hound (D:4)
  An iguana (D:4)
  3 gnolls (D:4)
  3 adders
  4 dart slugs
  3 orcs
  5 bats
  2 bat skeletons (D:3)
  3 bat zombies (D:3)
  8 endoplasms
  2 giant cockroaches
  16 goblins
  11 hobgoblins
  4 jackals
  8 kobolds
  A quokka (D:1)
  7 ball pythons
  3 frilled lizards
  5 rats
94 creatures vanquished.

Notes
Turn   | Place    | Note
-------+----------+-------------------------------------------
     0 | D:1      | Revguard the Coglin Berserker began the quest for the Orb.
     0 | D:1      | Reached XP level 1. HP: 18/18 MP: 1/1
   171 | D:1      | Reached XP level 2. HP: 24/24 MP: 2/2
   289 | D:1      | Reached skill level 1 in Evocations
   411 | D:1      | Reached ** piety under Trog
   412 | D:1      | Reached XP level 3. HP: 25/29 MP: 3/3
  1324 | D:2      | Reached XP level 4. HP: 33/35 MP: 4/4
  1677 | D:3      | Found a hide-covered altar of Uskayaw.
  1690 | D:3      | Identified the +2 leather armour of the Ward {Will+ Str+4
                  | Int-2}
  1794 | D:3      | Found a blossoming altar of Fedhas.
  1913 | D:3      | Reached *** piety under Trog
  1929 | D:3      | Found an ancient bone altar of Kikubaaqudgha.
  1944 | D:3      | Reached XP level 5. HP: 41/41 MP: 5/5
  2358 | D:4      | Reached XP level 6. HP: 20/48 MP: 6/6
  2514 | D:4      | Identified the +0 ring mail of the Gate {Will+ MP+9}
  2825 | D:4      | Found a stormy altar of Qazlal.
  2990 | D:4      | HP: 3/72 [poisoned by a gnoll]
  2991 | D:4      | HP: 1/72 [poisoned by a gnoll]
  2992 | D:4      | Succumbed to a gnoll's poison

Illustrated notes

Levels and vault maps discovered:
D:1:      minmay_arrival_doors, layout_basic, interstate_on_off,
          minmay_pentomino_t4
D:2:      cheibrodos_greedy_goblins, layout_basic
D:3:      layout_rooms, amcnicky_altar_gilded, kennysheep_vampire_church,
          mainiacjoe_overflow_concentric_impassable
D:4:      kennysheep_spiral_hall, layout_layer_cave,
          nicolae_qazlal_general_emergency

Skill      XL: |  1  2  3  4  5  6 |
---------------+-------------------+-----
Dodging        | 2 3 |  3.2
Armour         | 2 3 |  3.2
Evocations     | 1 2 3 |  3.8
Fighting       | 4 |  4.2
Axes           | 4 |  4.2

Action                     |  1- 3 |  4- 6 || total
---------------------------+-------+-------++-------
  Melee: Dagger            |    63 |       ||    63
         Hand axe          |    78 |   193 ||   271
 Invoke: Berserk           |       |     2 ||     2
         Trog's Hand       |       |     2 ||     2
    Use: Scroll            |       |     3 ||     3
   Stab: Sleeping          |     1 |       ||     1
 Armour: Animal skin       |    38 |       ||    38
         Plate armour      |    15 |   120 ||   135
         Ring mail         |    11 |       ||    11
  Dodge: Dodged            |    44 |    43 ||    87

Table legend: (Time is in decaauts)
 A = Elapsed time spent in this place.
 B = Non-inter-level travel time spent in this place.
 C = Inter-level travel time spent in this place.
 D = Time resting spent in this place.
 E = Time spent auto-exploring this place.
 F = Levels seen in this place.
 G = Mean time per level.
                   A        B        C        D        E       F      G
               +--------+--------+--------+--------+--------+-----+--------+
         Total |   3016 |   2974 |     42 |    245 |   2005 |   4 |  754.0 |
       Dungeon |   3016 |   2974 |     42 |    245 |   2005 |   4 |  754.0 |
               +--------+--------+--------+--------+--------+-----+--------+

Top non-repeatable levels by time:
     D:3: 859 daAuts
     D:4: 771 daAuts
     D:2: 719 daAuts
     D:1: 665 daAuts
